AoeStats
← BiLDuKas

Arena

510815926Analyzed
4v4 RM · 10h ago on Oct 2, 2026· 53m 48s· 8 players
Game mode
Random Map
Map size
Large (8 player)
Population
200
Speed
Normal
Resources
Standard
Victory
Conquest
Starting age
Dark Age
Ending age
Imperial Age
RankedLock teamsTeams togetherTeam positionsShared explorationLock speedFull tech treeHidden civsTurbo modeCheats
Victory
Defeat
🇫🇷 Franks · France
1042
+12
🇱🇹 Romans · Lithuania
993
+14
🇩🇪 Teutons · Germany
976
+15
🇹🇷 Sicilians · Türkiye
955
+16
🇱🇹 Persians · Lithuania
1000
-48
🇱🇹 Mongols · Lithuania
995
-16
🇱🇹 Japanese · Lithuania
951
-14
🇦🇺 Goths · Australia
876
-11
Sophia
7:26 Loom
10:54 Feudal Age
11:36 Double-Bit Axe
11:33 Horse Collar
17:03 Stone Mining
17:33 Man-at-Arms
21:50 Castle Age
20:10 Gold Mining
20:40 Fletching
23:27 Wheelbarrow
23:48 Town Watch
24:29 Bow Saw
26:11 Hand Cart
31:53 Gold Shaft Mining
33:53 Ballistas
34:54 Heavy Plow
35:02 Loom
39:31 Imperial Age
38:01 Ballistics
37:52 Fortified Wall
38:44 Town Patrol
40:17 Bodkin Arrow
40:24 Padded Archer Armor
40:23 Murder Holes
42:01 Siege Engineers
42:57 Chemistry
42:15 Leather Archer Armor
42:25 Conscription
43:23 Crop Rotation
43:17 Heavy Scorpion
47:05 Fervor
47:15 Masonry
47:18 Forging
47:08 Scale Mail Armor
PoacherCrooks
0:59 Loom
11:32 Feudal Age
17:27 Castle Age
17:14 Stone Mining
17:45 Double-Bit Axe
21:21 Bow Saw
21:05 Gold Mining
23:56 Gold Shaft Mining
26:19 Wheelbarrow
31:23 Imperial Age
31:07 Hand Cart
33:18 Husbandry
33:46 Scale Barding Armor
33:41 Scale Mail Armor
33:52 Forging
33:50 Siege Engineers
33:59 Fortified Wall
33:45 Murder Holes
34:13 Arson
34:29 Squires
33:49 Pikeman
33:49 Man-at-Arms
34:15 Gambesons
35:07 Conscription
35:04 Cavalier
36:21 Chivalry
36:39 Chain Mail Armor
37:00 Iron Casting
37:31 Chain Barding Armor
36:57 Ordonnance Companies
38:14 Hoardings
37:22 Elite Throwing Axeman
39:44 Paladin
41:30 Blast Furnace
41:49 Chemistry
40:31 Treadmill Crane
41:12 Ballistics
43:06 Masonry
42:43 Arrowslits
43:30 Plate Mail Armor
43:47 Town Watch
45:08 Plate Barding Armor
Kundakçı-Coşkun
1:40 Loom
13:43 Feudal Age
14:57 Horse Collar
20:34 Castle Age
20:03 Forging
19:53 Scale Mail Armor
23:42 Wheelbarrow
23:09 Heavy Plow
23:00 Stone Mining
23:02 Gold Mining
22:58 Double-Bit Axe
29:52 Imperial Age
29:35 Hand Cart
30:00 Stone Shaft Mining
30:22 Town Watch
31:15 Gold Shaft Mining
31:58 Iron Casting
31:38 Chain Mail Armor
34:00 Crop Rotation
34:39 Conscription
34:42 Chain Mail Armor
37:13 Plate Mail Armor
37:43 Blast Furnace
38:42 Gambesons
38:58 Squires
38:44 Arson
39:19 Elite Serjeant
43:46 Hauberk
44:13 Conscription
46:53 Town Patrol
47:05 Bow Saw
Wowa94
Sieteliz
1:47 Loom
11:00 Feudal Age
15:11 Castle Age
13:27 Double-Bit Axe
14:26 Horse Collar
21:57 Fletching
23:14 Bodkin Arrow
26:32 Padded Archer Armor
27:40 Ballistics
32:24 Murder Holes
35:59 Imperial Age
37:14 Bracer
39:29 Leather Archer Armor
40:49 Elite Mangudai
42:16 Husbandry
42:27 Bloodlines
42:43 Conscription
42:14 Heavy Camel Rider
45:15 Forging
45:05 Scale Mail Armor
45:11 Scale Barding Armor
47:07 Parthian Tactics
47:19 Thumb Ring
47:30 Light Cavalry
48:21 Hussar
50:02 Drill
49:06 Capped Ram
50:03 Siege Ram
Pukinskis
1:39 Loom
11:48 Feudal Age
12:39 Double-Bit Axe
12:46 Horse Collar
14:43 Town Watch
17:55 Gold Mining
20:45 Castle Age
21:56 Bow Saw
21:49 Heavy Plow
23:57 Wheelbarrow
24:07 Wheelbarrow
23:38 Stone Mining
24:57 Stone Shaft Mining
28:38 Imperial Age
27:37 Hand Cart
31:06 Two-Man Saw
30:39 Crop Rotation
30:50 Stone Shaft Mining
30:55 Forging
30:47 Scale Mail Armor
30:38 Fletching
32:20 Pikeman
33:00 Squires
33:38 Chain Mail Armor
34:51 Conscription
35:42 Anarchy
38:59 Iron Casting
38:20 Bodkin Arrow
38:25 Padded Archer Armor
38:44 Elite Skirmisher
40:58 Blast Furnace
40:29 Ballistics
41:11 Chemistry
41:05 Caravan
41:54 Elite Huskarl
42:40 Halberdier
43:43 Leather Archer Armor
47:48 Treadmill Crane
BiLDuKas
4:26 Loom
11:40 Feudal Age
14:30 Double-Bit Axe
17:41 Castle Age
20:54 Pikeman
28:04 Crossbowman
28:55 Thumb Ring
29:28 Fletching
29:39 Padded Archer Armor
33:10 Ballistics
33:27 Arson
35:39 Forging
35:30 Scale Mail Armor
35:30 Bodkin Arrow
35:51 Leather Archer Armor
42:42 Imperial Age
40:51 Wheelbarrow
40:55 Iron Casting
40:39 Chain Mail Armor
41:11 Squires
45:42 Blast Furnace
45:12 Plate Mail Armor
44:43 Bracer
45:14 Ring Archer Armor
44:24 Arbalester
45:13 Halberdier
51:10 Chemistry
LUXER
19:46 Feudal Age
21:13 Double-Bit Axe
21:16 Horse Collar
27:15 Castle Age
29:04 Thumb Ring
28:20 Crossbowman
29:05 Padded Archer Armor
28:56 Fletching
29:56 Heavy Plow
30:10 Bow Saw
31:02 Kamandaran
33:54 Leather Archer Armor
33:35 Bodkin Arrow
35:50 Light Cavalry
36:41 Bloodlines
36:31 Husbandry
36:53 Scale Barding Armor
42:42 Imperial Age
42:45 Caravan
43:44 Heavy Camel Rider
45:04 Ring Archer Armor
44:55 Chain Barding Armor
Connection lost

Rejoining the realm…

Still unreachable

The connection could not be restored.

Session expired

The server has moved on; the page needs a fresh start.